 Dungeon Crawl Stone Soup version 0.29.1-12-g30fa7ad0bf (webtiles) character file.

Game seed: 16144619192674383338

2681 112233 the Reanimator (level 9, -3/65 HPs)
             Began as a Mummy Necromancer on Dec 22, 2022.
             Was an Initiate of Gozag.
             Slain by a yak (15 damage)
             ... on level 8 of the Dungeon.
             The game lasted 00:07:01 (9942 turns).

112233 the Reanimator (Mummy Necromancer)           Turns: 9942, Time: 00:07:02

Health: -3/65      AC:  2    Str: 12    XL:     9   Next: 37%
Magic:  1/17       EV: 13    Int: 28    God:    Gozag
Gold:   337        SH:  0    Dex: 12    Spells: 6/18 levels left

rFire   . . .      SeeInvis .   w - +6 flail of Zini {flame, rPois Will- rCorr Int+10}
rCold   + + .      Faith    .   (no shield)
rNeg    + + +      Spirit   .   a - +0 robe
rPois   ∞          Reflect  .   (no helmet)
rElec   .          Harm     .   g - scarf {rC+ rF+}
rCorr   +          Rampage  .   (no gloves)
Will    .....                   (no boots)
Stlth   ++........              (no amulet)
HPRegen 0.20/turn               (no ring)
MPRegen 0.15/turn               (no ring)

@: gold aura
A: cold resistance 1, negative energy resistance 3, torment resistance 2, heat
vulnerability 1, in touch with death 1, no potions
a: Renounce Religion, Potion Petition, Call Merchant, Bribe Branch


You were on level 8 of the Dungeon.
You worshipped Gozag.
Gozag was aware of your devotion.
You visited 2 branches of the dungeon, and saw 9 of its levels.

You collected 534 gold pieces.
You paid 197 gold pieces to Gozag.

Inventory:

Hand Weapons
 h - a +0 dagger of venom
 j - a +2 vorpal mace
 l - the +2 spear "Qezis" {vorpal, rCorr MP+9 SInv}
   (You found it on level 2 of the Dungeon)

   It inflicts extra damage upon your enemies.
   MP:        It affects your magic capacity (+9).
   SInv:      It lets you see invisible.
   rCorr:     It protects you from acid and corrosion.
 w - the +6 flail of Zini (weapon) {flame, rPois Will- rCorr Int+10}
   (You found it on level 8 of the Dungeon)

   It burns those it strikes, dealing additional fire damage.
   Int:       It affects your intelligence (+10).
   rPois:     It protects you from poison.
   rCorr:     It protects you from acid and corrosion.
   Will:      It decreases your willpower.
Missiles
 p - 4 atropa-tipped darts
Armour
 a - a +0 robe (worn)
 g - a scarf of resistance (worn)
Magical Staves
 s - a staff of conjuration
Jewellery
 o - the ring "Arroc" {rC+ Will+ Int+2 Dex+6}
   (You found it on level 5 of the Dungeon)

   [ring of dexterity]

   Int:       It affects your intelligence (+2).
   Dex:       It affects your dexterity (+6).
   rC:        It protects you from cold.
   Will:      It increases your willpower.
 q - a ring of fire
Wands
 e - a wand of digging (7)
 v - a wand of charming (7)
Scrolls
 b - 4 scrolls of enchant weapon
 c - 9 scrolls of identify
 d - 2 scrolls of silence
 f - 5 scrolls of teleportation
 i - 2 scrolls of magic mapping
 k - 3 scrolls of immolation
 m - a scroll of butterflies
 n - 2 scrolls of noise
 r - a scroll of poison {unknown}
 t - a scroll of amnesia {unknown}
 u - a scroll of enchant armour {unknown}


   Skills:
 + Level 3.7 Fighting
 + Level 3.6 Dodging
 - Level 1.5 Stealth
 + Level 5.4 Spellcasting
 - Level 11.5 Necromancy


You had 6 spell levels left.
You knew the following spells:

 Your Spells              Type           Power      Damage    Failure   Level
a - Necrotise             Necr           100%       1d9       1%          1
b - Vampiric Draining     Necr           83%        2d11      1%          3
c - Agony                 Necr           83%        N/A       1%          5
d - Apportation           Tloc           14%        N/A       6%          1
e - Passwall              Tmut/Erth      5%         N/A       10%         2

Your spell library contained the following spells:

 Spells                   Type           Power      Damage    Failure   Level
 Magic Dart               Conj           28%        1d4       6%          1
 Call Imp                 Summ           7%         N/A       10%         2
 Ensorcelled Hibernation  Hex/Ice        14%        N/A       10%         2
 Scorch                   Fire           14%        2d6       10%         2
 Searing Ray              Conj           14%        2d5       10%         2
 Mephitic Cloud           Conj/Pois/Air  7%         N/A       19%         3
 Swiftness                Air            7%         N/A       19%         3
 Fulminant Prism          Conj/Hex       3%         3d6       54%         4
 Petrify                  Tmut/Erth      7%         N/A       54%         4
 Alistair's Intoxication  Tmut/Pois      4%         N/A       87%         5
 Irradiate                Conj/Tmut      3%         3d12      87%         5
 Sublimation of Blood     Necr           Unusable   N/A       N/A         2
 Animate Dead             Necr           Unusable   N/A       N/A         4
 Spider Form              Tmut/Pois      Unusable   N/A       N/A         3

Dungeon Overview and Level Annotations

Branches:
Dungeon (7/15)             Temple (1/1) D:5

Altars:
Ashenzari
Cheibriados
Dithmenos
Fedhas
Gozag
Hepliaklqana
Makhleb
Nemelex Xobeh
Okawaru
Qazlal
Ru
Sif Muna
Trog
Uskayaw
Wu Jian
Xom

Shops:
D:4 *   D:6 *

Annotations:
D:5 1 runed translucent door, AarnesTheHuman's ghost, novice BaIE


Innate Abilities, Weirdness & Mutations

You are immune to poison.
Your flesh is cold resistant. (rC+)
You are immune to negative energy. (rN+++)
You are immune to unholy pain and torment.
You are vulnerable to heat. (rF-)
You are in touch with the powers of death.
You do not drink.


Message History

The yak barely misses you.
Unknown command.
You hit the yak. You burn the yak.
You kill the yak!
You thump the yak! You burn the yak.
The yak is moderately wounded.
The yak barely misses you.
You hit the yak. You burn the yak.
The yak is heavily wounded.
The yak gores you! The yak closely misses you.
You hit the yak. You burn the yak.
The yak is heavily wounded.
The yak barely misses you.
Casting: Vampiric Draining (safe; 1% risk of failure)
Confirm with . or Enter, or press ? or * to list all spells.
Aiming: Vampiric Draining (safe; 1% risk of failure)
Press: ? - help, Shift-Dir - straight line, f - yak
Aim: a yak (heavily wounded)
You feel a surge of power!
You draw life force from the yak!
You feel life coursing into your body.
The yak is distracted by your dazzling golden aura.
The yak gores you!
The yak bellows!
Aiming: Charm
Press: ? - help, Shift-Dir - straight line, f/p - yak
Aim: a yak (almost dead, chance to affect: 49%)
The yak resists with some effort.
The yak gores you!
Unknown command.
Unknown command.
The yak attacks as you move away! The yak barely misses you.
The yak is no longer distracted by gold.
You hit the yak. You burn the yak.
The yak is almost dead.
Unknown command.
The yak is distracted by your dazzling golden aura.
The yak gores you!
* * * LOW HITPOINT WARNING * * *
The yak attacks as you move away! The yak gores you!
You die...
Your body crumbles into a pile of gold.

#..# #(.# $ ##..###.#
#.......# #..###### ..
##### #..# .. ...# #..#
.#
########Y###..####### .
.......@Y.Y$Y........
#.########.###..##.####
##.##.....#.# #..# #
#......#.##.# #Y.#
#.##...#....##..##
#...#..######...#
###.#..# #.#..
#...#.... #Y###
#+.###.... ..


You could see 4 yaks.

Vanquished Creatures
  A yak (D:8)
  A steam dragon (D:6)
  A water moccasin (D:6)
  4 black bears
  An orc warrior (D:6)
  An ice beast (D:7)
  A sky beast (D:7)
  4 ogres
  3 centaurs
  A necrophage (D:7)
  4 kobold brigands
  A scorpion (D:6)
  2 hounds
  2 jellies
  A gnoll bouda (D:6)
  2 orc priests (D:5)
  An iguana (D:3)
  4 orc wizards
  A hound zombie (D:5)
  A howler monkey zombie (D:5)
  6 adders
  7 gnolls
  2 river rats (D:6)
  2 white imps (D:6)
  2 ufetubi (D:6)
  An adder zombie (D:5)
  A worm (D:6)
  A dart slug (D:2)
  22 orcs
  7 ball pythons
  2 bat zombies (D:5)
  7 endoplasms
  5 giant cockroaches
  7 goblins
  8 hobgoblins
  3 quokkas
  4 bats
  A frilled lizard (D:2)
  19 kobolds
  9 rats
153 creatures vanquished.

Vanquished Creatures (collateral kills)
  A jelly (D:5)
  2 orcs (D:3)
3 creatures vanquished.

Vanquished Creatures (others)
  18 fungi
  9 toadstools
27 creatures vanquished.

Grand Total: 183 creatures vanquished

Notes
Turn   | Place    | Note
-------+----------+-------------------------------------------
     0 | D:1      | 112233 the Mummy Necromancer began the quest for the Orb.
     0 | D:1      | Reached XP level 1. HP: 13/13 MP: 4/4
   253 | D:1      | Reached XP level 2. HP: 19/19 MP: 3/5
  1193 | D:1      | Reached skill level 5 in Necromancy
  1257 | D:1      | Gained mutation: You are in touch with the powers of death.
                  | [Mummy growth]
  1257 | D:1      | Reached XP level 3. HP: 24/24 MP: 2/7
  1549 | D:2      | Identified the +2 spear "Qezis" {vorpal, rCorr MP+9 SInv}
  1966 | D:2      | Found a faded altar of an unknown god.
  2233 | D:3      | Reached XP level 4. HP: 30/30 MP: 8/8
  2435 | D:3      | Reached skill level 6 in Necromancy
  2695 | D:3      | Reached XP level 5. HP: 11/35 MP: 8/9
  2699 | D:3      | Learned a level 3 spell: Vampiric Draining
  3060 | D:3      | Found a broken altar of Ashenzari.
  3641 | D:3      | Found an ornate altar of the Wu Jian Council.
  3750 | D:4      | Noticed a black bear
  3758 | D:4      | Killed a black bear
  3759 | D:4      | Reached skill level 7 in Necromancy
  3759 | D:4      | Reached XP level 6. HP: 41/41 MP: 5/10
  4233 | D:4      | Found a hazy altar of Hepliaklqana.
  4416 | D:4      | Reached skill level 8 in Necromancy
  4497 | D:4      | Found Miat's General Store.
  5202 | D:5      | Entered Level 5 of the Dungeon
  5222 | D:5      | Noticed AarnesTheHuman's ghost (novice BaIE)
  5226 | D:5      | Found a runed translucent door.
  5356 | D:5      | Reached XP level 7. HP: 46/46 MP: 9/11
  5800 | D:5      | Found a shimmering blue altar of Sif Muna.
  5825 | D:5      | Found a sparkling altar of Nemelex Xobeh.
  5851 | D:5      | Found a staircase to the Ecumenical Temple.
  5873 | Temple   | Entered the Ecumenical Temple
  6059 | D:5      | Got the Writings on the Baneful Inferno
  6130 | D:5      | Found a stormy altar of Qazlal.
  6138 | D:5      | Reached skill level 9 in Necromancy
  6483 | D:5      | Identified the ring "Arroc" {rC+ Will+ Int+2 Dex+6}
  6634 | D:6      | Reached skill level 10 in Necromancy
  6753 | D:6      | Reached XP level 8. HP: 46/52 MP: 11/12
  7165 | D:6      | Reached skill level 11 in Necromancy
  7859 | D:6      | Found Xeuwnuleu's General Store.
  7866 | D:6      | Reached skill level 1 in Fighting
  8746 | D:7      | Reached XP level 9. HP: 33/61 MP: 10/15
  9296 | D:7      | Found a blossoming altar of Fedhas.
  9456 | D:7      | Reached skill level 5 in Spellcasting
  9573 | D:7      | Found a sacrificial altar of Ru.
  9733 | D:7      | You fall into a shaft and drop 1 floor!
  9733 | D:8      | Found an opulent altar of Gozag.
  9743 | D:8      | Became a worshipper of Gozag Ym Sagoz the Greedy
  9746 | D:8      | Identified the +6 flail of Zini {flame, rPois Will- rCorr
                  | Int+10}
  9902 | D:8      | Learned a level 5 spell: Agony
  9904 | D:8      | Learned a level 1 spell: Apportation
  9907 | D:8      | Learned a level 2 spell: Passwall
  9942 | D:8      | Slain by a yak

Illustrated notes

Levels and vault maps discovered:
D:1:      ldierk_walled_garden, layout_loops_corners
D:2:      layout_loops_ring, dilly_ecumenical_altar_fadedgnrine
D:3:      layout_loops_corners, lemuel_coloured_pillars_altar, elyvilon_altar_1,
          general_overflow_altar, serial_forest, infiniplex_forest_end_double,
          infiniplex_forest_zigzag_2, infiniplex_forest_end_1,
          infiniplex_forest_straight_3
D:4:      layout_layer_cave, mainiacjoe_overflow_cross_hatched, serial_shops,
          shop_coins, kennysheep_pointless_box
D:5:      layout_layer_cave, lemuel_mausoleum_altar_yredelemnul,
          mainiacjoe_overflow_six_doors_small,
          lemuel_zombie_altar_kikubaaqudgha, kennysheep_mini,
          mainiacjoe_overflow_alcove_2, minmay_temple_entry_glassed_door,
          hellmonk_ghost_happy_afterlife
D:6:      layout_loops_ring, portal_sewer_entry_e, serial_shops, shop,
          minmay_gold_behind_fungi, kennysheep_doodads,
          chequers_serial_rivers_small_3, minmay_between
D:7:      kennysheep_steamy, layout_rooms, nicolae_ru_awakened_eye,
          fedhas_altar_4, corexii_hall_statues_i, minmay_unpleasant_kobolds
D:8:      layout_basic, grunt_temple_overflow_gold_and_silver, serial_shops,
          nicolae_shop_window_shopping, water_maze_lemuel, uniq_amaemon
Temple:   nicolae_temple_godpark

Skill      XL: |  1  2  3  4  5  6  7  8  9 |
---------------+----------------------------+-----
Necromancy     | 5 6 7 8 10 11 | 11.5
Fighting       | 2 3 |  3.7
Dodging        | 2 3 |  3.6
Spellcasting   | 4 5 |  5.4
Stealth        | |  1.5

Action                   |  1- 3 |  4- 6 |  7- 9 || total
-------------------------+-------+-------+-------++-------
Melee: Unarmed           |     8 |       |       ||     8
       Mace              |     1 |       |       ||     1
       Spear             |       |       |   108 ||   108
       Punch             |       |       |     2 ||     2
       Flail             |       |       |     6 ||     6
 Cast: Necrotise         |    66 |    88 |    51 ||   205
       Vampiric Draining |       |    12 |    78 ||    90
Evoke: Wand              |       |       |     1 ||     1
  Use: Scroll            |       |       |     8 ||     8
 Stab: Sleeping          |       |       |     3 ||     3
Armor: Robe              |     4 |     3 |    27 ||    34
Dodge: Dodged            |    18 |    18 |   132 ||   168
